 Dungeon Crawl Stone Soup version 0.27.1 (webtiles) character file.

Game seed: 13523658991058997737

7553 Kala the Slicer (level 11, -13/67 HPs)
             Began as a Kobold Berserker on Sept 3, 2021.
             Was an Elder of Trog.
             Shot with a bolt by an orc knight (24 damage)
             ... on level 10 of the Dungeon.
             The game lasted 00:40:26 (11321 turns).

Kala the Slicer (Kobold Berserker)                 Turns: 11321, Time: 00:40:27

Health: -13/67     AC: 18    Str: 18    XL:     11   Next: 39%
Magic:  11/11      EV:  7    Int:  8    God:    Trog [****..]
Gold:   272        SH: 10    Dex: 15    Spells: 10/10 levels left

rFire    . . .     SeeInvis .   a - +1 short sword
rCold    + + .     Faith    .   m - +0 kite shield
rNeg     . . .     Spirit   .   l - +1 plate armour
rPois    +         Reflect  .   i - +1 helmet of the Three Thickets {-Tele rPois rC+}
rElec    .         Harm     .   (no cloak)
rCorr    .         Rampage  .   k - +1 pair of gloves
Will     .....     NoTele   +   (no boots)
Stlth    +.........             f - amulet of regeneration
HPRegen  1.21/turn              q - ring of poison resistance
MPRegen  0.12/turn              u - ring of protection from cold

@: on berserk cooldown, slowed, very slow
A: small, no large weapons, nightstalker 3
a: Renounce Religion, Berserk, Trog's Hand, Brothers in Arms


You were on level 10 of the Dungeon.
You worshipped Trog.
Trog was greatly pleased with you.
You visited 1 branch of the dungeon, and saw 10 of its levels.

You collected 481 gold pieces.
You spent 209 gold pieces at shops.

Inventory:

Hand Weapons
 a - a +1 short sword (weapon)
 b - a +0 hand crossbow
Armour
 i - the +1 helmet of the Three Thickets (worn) {-Tele rPois rC+}
   (You bought it in a shop on level 6 of the Dungeon)

   rC:        It protects you from cold.
   rPois:     It protects you from poison.
   -Tele:     It prevents most forms of teleportation.
 k - a +1 pair of gloves (worn)
 l - a +1 plate armour (worn)
 m - a +0 kite shield (worn)
Jewellery
 f - an amulet of regeneration (around neck)
 q - a ring of poison resistance (left hand)
 u - a ring of protection from cold (right hand)
Wands
 j - a wand of paralysis (6)
 o - a wand of iceblast (11) (quivered)
 p - a wand of charming (6)
 y - a wand of flame (25)
 D - a wand of acid (4)
Scrolls
 r - 2 scrolls of magic mapping {unknown}
 s - 2 scrolls of teleportation
 t - 5 scrolls of identify
 v - 3 scrolls of fog {unknown}
 w - a scroll of summoning {unknown}
 x - a scroll of enchant armour
 z - a scroll of silence {unknown}
 B - a scroll of vulnerability {unknown}
 C - 2 scrolls of enchant weapon
Potions
 c - 2 potions of attraction {unknown}
 d - a potion of invisibility
 e - 7 potions of curing {unknown}
 g - 2 potions of mutation {unknown}
 h - a potion of brilliance {unknown}
 n - 2 potions of haste {unknown}
 A - a potion of heal wounds
 E - a potion of degeneration {unknown}


   Skills:
 + Level 7.1 Fighting
 + Level 11.3 Short Blades
 + Level 7.2 Armour
 + Level 3.0 Dodging
 * Level 10.8 Stealth
 - Level 5.6 Shields
 + Level 2.9 Evocations


You had 10 spell levels left.
You didn't know any spells.
Your spell library was empty.

Dungeon Overview and Level Annotations

Branches:
Dungeon (10/15)            Temple (0/1) D:5            Lair (0/6) D:10
    Orc (0/2) D:10

Altars:
Ashenzari
Cheibriados
Elyvilon
Gozag
Hepliaklqana
Kikubaaqudgha
Ru
Sif Muna
Trog
Uskayaw
Vehumet
Xom
Yredelemnul
Zin

Shops:
D:1 (   D:5 *   D:6 *   D:9 =

Annotations:
D:10 3 runed translucent doors


Innate Abilities, Weirdness & Mutations

You are small and have problems with some larger weapons.
You are completely attuned to the shadows.


Message History

The orc hits you but does no damage.
The orc knight shoots a bolt.
You block the bolt.
The orc knight shoots a bolt.
You block the bolt.
The orc knight shoots a bolt.
You block the bolt.
Aiming: Iceblast
Press: ? - help, Q - select action, (/) - cycle Shift-Dir - straight line, f - orc knight
Aim: an orc knight, wielding a +0 arbalest, wearing a +0 chain mail and quivering bolts (lightly wounded)
The mass of ice explodes!
The iceblast engulfs the orc knight.
The orc knight is moderately wounded.
Trog accepts your kill.
You feel a bit more experienced.
The orc knight shoots a bolt.
The bolt hits you!
Aiming: Iceblast
Press: ? - help, Q - select action, (/) - cycle Shift-Dir - straight line, f/p - orc knight
Aim: an orc knight, wielding a +0 arbalest, wearing a +0 chain mail and quivering bolts (moderately wounded)
The mass of ice explodes!
The iceblast engulfs the orc knight!
The orc knight is moderately wounded.
The orc knight shoots a bolt.
The bolt hits you.
Aiming: Iceblast
Press: ? - help, Q - select action, (/) - cycle Shift-Dir - straight line, f/p - orc knight
Aim: an orc knight, wielding a +0 arbalest, wearing a +0 chain mail and quivering bolts (moderately wounded)
The mass of ice explodes!
The iceblast engulfs the orc knight!
The orc knight is severely wounded.
You hit the orc knight but do no damage.
The orc knight is severely wounded.
The orc knight unwields a +0 arbalest.
The orc knight wields a +3 bardiche.
You block the orc knight's attack.
You hit the orc knight but do no damage.
The orc knight is severely wounded.
The orc knight hits you with a +3 bardiche!!
You hit the orc knight.
The orc knight is severely wounded.
The orc knight hits you with a +3 bardiche!!
The orc knight unwields a +3 bardiche.
The orc knight wields a +0 arbalest.
The orc knight shoots a bolt.
You block the bolt.
The orc knight shoots a bolt.
The bolt closely misses you.
The orc knight shoots a bolt.
The bolt hits you!
* * * LOW HITPOINT WARNING * * *
The orc knight shoots a bolt.
The bolt hits you!!
You die...

####.#### #...## ###..#
#######.>## ###.........# ....
#.'.........# ....
#.#....)....# ....
#.#.........###############...>
..#.........'...@...o.....o)...
.##.........###############....
Z##.........# ....
.##....[....# ....
###.........# .... #
##'######## #..### #####ZJ.#
#∩8 ###+####


You could see an orc knight.

Vanquished Creatures
  3 two-headed ogres (D:10)
  2 trolls (D:10)
  4 slime creatures (D:10)
  Prince Ribbit (D:6)
  A vampire (D:9)
  2 wyverns
  2 water moccasins (D:9)
  3 orc warriors
  A sky beast (D:6)
  An ogre (D:4)
  A necrophage (D:5)
  2 centaurs (D:9)
  2 phantoms (D:6)
  2 kobold brigands (D:8)
  A gnoll sergeant (D:8)
  A scorpion (D:6)
  2 water moccasin zombies
  2 bullfrogs
  A wyvern skeleton (D:4)
  6 killer bees
  5 wights (D:6)
  A bullfrog zombie (D:5)
  5 hounds
  2 jellies (D:6)
  An orc priest (D:9)
  A centaur skeleton (D:5)
  5 centaur zombies
  2 iguanas
  3 orc wizards
  A hound zombie (D:5)
  A mummy (D:6)
  4 adders
  4 gnolls (D:8)
  3 shadow imps
  An ufetubus (D:6)
  An adder skeleton (D:4)
  A worm (D:2)
  A dart slug (D:2)
  12 orcs
  8 bats
  4 endoplasms
  2 giant cockroaches (D:2)
  5 hobgoblins
  3 jackals (D:3)
  14 kobolds
  3 quokkas
  7 ball pythons
  A frilled lizard (D:2)
  3 goblins (D:1)
  A hobgoblin zombie (D:6)
  3 orc zombies (D:6)
  10 rats
158 creatures vanquished.

Vanquished Creatures (others)
  An orc wizard (D:9)
1 creature vanquished.

Grand Total: 159 creatures vanquished

Notes
Turn   | Place    | Note
-------+----------+-------------------------------------------
     0 | D:1      | Kala the Kobold Berserker began the quest for the Orb.
     0 | D:1      | Reached XP level 1. HP: 14/14 MP: 1/1
    28 | D:1      | Found Otzico's Antique Weapon Shoppe.
   247 | D:1      | Reached XP level 2. HP: 19/19 MP: 2/2
   342 | D:1      | Reached skill level 1 in Stealth
   454 | D:1      | You fall into a shaft and drop 1 floor!
   465 | D:2      | Reached XP level 3. HP: 23/23 MP: 3/3
   607 | D:2      | Reached ** piety under Trog
   934 | D:2      | Reached skill level 5 in Short Blades
  1435 | D:1      | Reached XP level 4. HP: 27/28 MP: 4/4
  2286 | D:3      | Found a glowing silver altar of Zin.
  2786 | D:4      | Found a white marble altar of Elyvilon.
  3216 | D:4      | Reached XP level 5. HP: 26/32 MP: 5/5
  3306 | D:4      | Noticed an ogre
  3313 | D:4      | Killed an ogre
  3314 | D:4      | Reached XP level 6. HP: 38/38 MP: 6/6
  3370 | D:4      | Reached skill level 1 in Shields
  4024 | D:4      | Found a basalt altar of Yredelemnul.
  4028 | D:4      | Found a sacrificial altar of Ru.
  4031 | D:4      | Found a hide-covered altar of Uskayaw.
  4115 | D:4      | Reached skill level 6 in Short Blades
  4115 | D:4      | Reached skill level 5 in Stealth
  4568 | D:5      | Entered Level 5 of the Dungeon
  4629 | D:5      | Found Larocvos's Neck Hole.
  4821 | D:5      | Noticed a necrophage
  4826 | D:5      | Killed a necrophage
  4827 | D:5      | Reached XP level 7. HP: 43/43 MP: 7/7
  5002 | D:5      | Found a staircase to the Ecumenical Temple.
  5370 | D:5      | Found a hazy altar of Hepliaklqana.
  6179 | D:6      | Reached XP level 8. HP: 48/48 MP: 8/8
  6304 | D:6      | Noticed Prince Ribbit
  6310 | D:6      | Killed Prince Ribbit
  6311 | D:6      | Reached skill level 7 in Short Blades
  6342 | D:6      | HP: 1/46 [wight (4)]
  6495 | D:6      | Found Vuseh's Assorted Antiques.
  6820 | D:6      | Reached skill level 8 in Short Blades
  6908 | D:6      | Reached XP level 9. HP: 53/53 MP: 9/9
  7076 | D:6      | Reached skill level 5 in Fighting
  7135 | D:6      | Reached *** piety under Trog
  7224 | D:6      | Reached skill level 1 in Evocations
  7227 | D:6      | Found a bloodstained altar of Trog.
  7228 | D:6      | Found an ancient bone altar of Kikubaaqudgha.
  7228 | D:6      | Found a snail-covered altar of Cheibriados.
  7402 | D:6      | Bought a spiked helmet for 209 gold pieces
  7402 | D:6      | Identified the +1 helmet of the Three Thickets {-Tele rPois
                  | rC+} (You bought it in a shop on level 6 of the Dungeon)
  8218 | D:7      | Found a shimmering altar of Xom.
  8463 | D:7      | Reached skill level 9 in Short Blades
  8754 | D:8      | Reached skill level 5 in Armour
  8843 | D:8      | Found a radiant altar of Vehumet.
  9337 | D:8      | Found a broken altar of Ashenzari.
  9538 | D:9      | Found a shimmering blue altar of Sif Muna.
  9580 | D:9      | Reached XP level 10. HP: 60/60 MP: 10/10
  9582 | D:9      | Reached skill level 5 in Shields
  9688 | D:9      | Reached **** piety under Trog
  9822 | D:9      | Found Lyoshre's Jewellery Emporium.
 10378 | D:10     | Entered Level 10 of the Dungeon
 10784 | D:10     | Reached skill level 10 in Short Blades
 10921 | D:10     | Noticed a two-headed ogre
 10930 | D:10     | Killed a two-headed ogre
 10991 | D:10     | Noticed a two-headed ogre
 11002 | D:10     | Killed a two-headed ogre
 11003 | D:10     | Reached skill level 10 in Stealth
 11003 | D:10     | Reached XP level 11. HP: 66/66 MP: 11/11
 11048 | D:10     | Found a runed translucent gate.
 11049 | D:10     | Found a runed translucent gate.
 11049 | D:10     | Found an opulent altar of Gozag.
 11050 | D:10     | Found a runed translucent gate.
 11163 | D:10     | Reached skill level 11 in Short Blades
 11253 | D:10     | Found a staircase to the Lair.
 11286 | D:10     | Found a staircase to the Orcish Mines.
 11286 | D:10     | Noticed a two-headed ogre
 11290 | D:10     | Noticed an orc knight
 11301 | D:10     | Killed a two-headed ogre
 11321 | D:10     | Shot with a bolt by an orc knight

Illustrated notes

Levels and vault maps discovered:
D:1:      lemuel_arrival_lava_pool, layout_loops_ring, serial_shops,
          nicolae_shop_overgrown_old_shop, nrook_loot_triangle,
          chequers_serial_rivers_micro_a
D:2:      layout_rooms
D:3:      layout_basic, zin_treasury, serial_bayou, serial_bayou_lagoon_b,
          serial_bayou_lake_a, serial_bayou_pond_a, serial_bayou_pond_e
D:4:      layout_loops_ring, elyvilon_altar_1, grunt_temple_overflow_diamond,
          serial_co_window_serial, co_window_paths_a,
          co_window_of_opportunity_a, co_window_corner_a, co_window_paths_b,
          co_window_of_opportunity_a, co_window_paths_b, co_window_2corner,
          co_window_broadway_c, co_window_2corner, co_window_2corner,
          glass_columns_b, glass_columns_c, dk_noncrumbling_3
D:5:      layout_basic, kennysheep_mini_moat, minmay_temple_entry_statues,
          nicolae_shop_sticking_my_neck_out
D:6:      layout_loops_cross, minitemple, serial_shops, shop,
          minmay_misc_feat_four_crosses, minmay_mini_ossuary,
          uniq_prince_ribbit1
D:7:      layout_gridville, xom_teletrap_fun
D:8:      layout_rooms, mainiacjoe_overflow_divided_tiny
D:9:      layout_long_grid, overflow_temple_1_default, serial_shops,
          shop_fountains
D:10:     layout_roguey, lair_entry_dummy, orc_david_3, ebering_ghost_gozag

Skill      XL: |  1  2  3  4  5  6  7  8  9 10 11 |
---------------+----------------------------------+-----
Stealth        | 1 2 3 4 5 6 8 10 | 10.8
Short Blades   | 5 6 8 9 10 11 | 11.3
Armour         | 2 3 4 5 6 7 |  7.2
Shields        | 1 2 3 4 5 |  5.6
Fighting       | 4 5 6 7 |  7.1
Evocations     | 1 2 |  2.9
Dodging        | 3 |  3.0

Action                   |  1- 3 |  4- 6 |  7- 9 | 10-12 || total
-------------------------+-------+-------+-------+-------++-------
Melee: Short sword       |    81 |   105 |   330 |   219 ||   735
Invok: Berserk           |     8 |    10 |    34 |    11 ||    63
       Trog's Hand       |       |       |     1 |     2 ||     3
Evoke: Wand              |       |       |     7 |    13 ||    20
  Use: Scroll            |     2 |     4 |     2 |       ||     8
       Potion            |       |       |     3 |       ||     3
 Stab: Sleeping          |    13 |     4 |       |       ||    17
Armor: Animal skin       |     2 |       |       |       ||     2
       Ring mail         |    20 |     7 |       |       ||    27
       Plate armour      |       |    47 |   189 |   130 ||   366
Dodge: Dodged            |    43 |    20 |    84 |    45 ||   192
Block: Kite shield       |       |    30 |   162 |   100 ||   292
